 Dungeon Crawl Stone Soup version 0.27-a0-1006-g1fd4cec11e (webtiles) character file.

Game seed: 4254250167962078459

81 barkas the Magician (level 4, -2/32 HPs)
             Began as a Demonspawn Hedge Wizard on Apr 17, 2021.
             Slain by an ogre
             ... wielding a +0 giant spiked club
              (18 damage)
             ... on level 2 of the Dungeon.
             The game lasted 00:03:03 (1699 turns).

barkas the Magician (Demonspawn Hedge Wizard)       Turns: 1699, Time: 00:03:03

Health: -2/32      AC:  3    Str: 11    XL:     4   Next: 19%
Magic:  2/9        EV: 12    Int: 15    God:
Gold:   39         SH:  4    Dex: 13    Spells: 4/9 levels left

rFire    . . .     SeeInvis .   a - +0 dagger
rCold    . . .     Faith    .   (no shield)
rNeg     . . .     Spirit   .   b - +0 robe
rPois    .         Reflect  .   c - +0 hat
rElec    .         Harm     .   (no cloak)
rCorr    .         Rampage  .   k - +0 pair of gloves
Will     .....                  (no boots)
Stlth    ++........             (no amulet)
HPRegen  0.10/turn              (no ring)
MPRegen  0.11/turn              (no ring)

@: no status effects
A: large bone plates 1, foul stench 1
a: no special abilities


You were on level 2 of the Dungeon.
You visited 1 branch of the dungeon, and saw 2 of its levels.

You collected 39 gold pieces.

Inventory:

Hand Weapons
 a - a +0 dagger (weapon)
Missiles
 d - a poisoned dart (quivered)
Armour
 b - a +0 robe (worn)
 c - a +0 hat (worn)
 k - a +0 pair of gloves (worn)
Jewellery
 h - an amulet of the acrobat
Scrolls
 f - 2 scrolls of noise {unknown}
 i - a scroll of identify {unknown}
 m - a scroll of enchant weapon {unknown}
 n - a scroll of blinking {unknown}
Potions
 e - 3 potions of curing {unknown}
 g - a potion of brilliance {unknown}
 j - a potion of ambrosia {unknown}
 l - a potion of might {unknown}


   Skills:
 + Level 1.4 Fighting
 - Level 1.7 Dodging
 - Level 1.7 Stealth
 + Level 3.3 Spellcasting
 * Level 2.4 Conjurations
 + Level 1.7 Summonings
 + Level 1.5 Translocations


You had 4 spell levels left.
You knew the following spells:

 Your Spells              Type           Power      Damage    Failure   Level
a - Magic Dart            Conj           36%        1d4       7%          1
b - Call Imp              Summ           7%         N/A       14%         2
c - Blink                 Tloc           N/A        N/A       16%         2

Your spell library contained the following spells:

 Spells                   Type           Power      Damage    Failure   Level
 Slow                     Hex            2%         N/A       28%         2
 Conjure Flame            Conj/Fire      6%         6-21      34%         3
 Mephitic Cloud           Conj/Pois/Air  4%         N/A       38%         3


Dungeon Overview and Level Annotations

Branches:
Dungeon (2/15)

Altars:

Shops:
D:1 :


Innate Abilities, Weirdness & Mutations

You are partially covered in large bone plates. (SH +4)
You may rarely emit foul miasma when damaged in melee.


Message History

Confirm with . or Enter, or press ? or * to list all spells.
You blink.
Throw: 5 darts (poison)
Press: ? - help, Q - select action, (/) - cycle Shift-Dir - straight line, f/p - ogre
Aim: an ogre, wielding a +0 giant spiked club (translocational energy, severely wounded, 72% to hit)
You throw a poisoned dart. The poisoned dart hits the ogre.
The ogre is severely wounded.
Throw: 4 darts (poison)
Press: ? - help, Q - select action, (/) - cycle Shift-Dir - straight line, f/p - ogre
Aim: an ogre, wielding a +0 giant spiked club (severely wounded, 72% to hit)
You throw a poisoned dart.
The poisoned dart barely misses the ogre.
Unknown command.
Throw: 3 darts (poison)
Press: ? - help, Q - select action, (/) - cycle Shift-Dir - straight line, f/p - ogre
Aim: an ogre, wielding a +0 giant spiked club (severely wounded, 72% to hit)
You throw a poisoned dart. The poisoned dart hits the ogre.
The ogre is severely wounded.
Unknown command.
Throw: 2 darts (poison)
Press: ? - help, Q - select action, (/) - cycle Shift-Dir - straight line, f/p - ogre
Aim: an ogre, wielding a +0 giant spiked club (severely wounded, 72% to hit)
You throw a poisoned dart. The poisoned dart hits the ogre.
The ogre is poisoned.
The ogre is severely wounded.
You see here a poisoned dart.
You see here 2 poisoned darts.
You see here a poisoned dart.
You see here a poisoned dart.
Casting: Blink (safe; 16% risk of failure)
Confirm with . or Enter, or press ? or * to list all spells.
Aiming: Magic Dart (safe; 7% risk of failure)
Press: ? - help, Shift-Dir - straight line, f/p - ogre
Aim: an ogre, wielding a +0 giant spiked club (severely wounded, poisoned, 100% to hit)
The magic dart hits the ogre but does no damage.
The ogre is severely wounded.
The ogre looks more healthy.
The ogre hits you with a +0 giant spiked club!!
Ouch! That really hurt!
You die...

#
#..†.<#(#.##.####..#
#.##..#.#.##.###...#
#.#...#.#.........>#
#.#.....###.####.###
#.#.#######....#.#
#l#............#.#
###.#..########..#.#
#...#..###########.#
#.###.(l((((O@^..#.#
#..(.(##########.#.#
######..... #.# .
###


You could see an ogre and a frilled lizard.

Vanquished Creatures
  Jessica (D:2)
  An adder (D:2)
  An adder zombie (D:1)
  5 endoplasms (D:1)
  A giant cockroach (D:1)
  3 goblins
  3 hobgoblins
  4 jackals (D:1)
  A kobold (D:1)
  3 quokkas
  7 ball pythons
  A ball python zombie (D:1)
  5 bats (D:1)
  3 frilled lizards
  3 rats
42 creatures vanquished.

Notes
Turn   | Place    | Note
-------+----------+-------------------------------------------
     0 | D:1      | barkas the Demonspawn Hedge Wizard began the quest for the
                  | Orb.
     0 | D:1      | Reached XP level 1. HP: 13/13 MP: 4/4
    20 | D:1      | Reached skill level 1 in Translocations
   364 | D:1      | Gained mutation: You may rarely emit foul miasma when
                  | damaged in melee. [demonic ancestry]
   364 | D:1      | Reached XP level 2. HP: 19/20 MP: 0/6
   676 | D:1      | Found Lablogie's Book Shop.
   860 | D:1      | Learned a level 2 spell: Call Imp
   863 | D:1      | Learned a level 2 spell: Blink
   982 | D:1      | Reached XP level 3. HP: 11/25 MP: 7/7
  1073 | D:1      | Reached skill level 1 in Fighting
  1334 | D:1      | Found a faded altar of an unknown god.
  1462 | D:2      | Noticed Jessica
  1468 | D:2      | Killed Jessica
  1469 | D:2      | Gained mutation: You are partially covered in large bone
                  | plates. (SH +4) [demonic ancestry]
  1469 | D:2      | Reached XP level 4. HP: 32/32 MP: 8/8
  1641 | D:2      | Noticed an ogre
  1699 | D:2      | Slain by an ogre

Illustrated notes

Levels and vault maps discovered:
D:1:      saegor_arrival_fortress, layout_rooms, serial_shops,
          nicolae_shop_crystal, hellmonk_ecumenical_altar_leap_of_faith,
          minmay_split_cup_large
D:2:      layout_basic, uniq_jessica, uniq_terence

Skill      XL: |  1  2  3 |
---------------+----------+-----
Translocations | 1 |  1.5
Conjurations   | 2 |  2.4
Fighting       | 1 |  1.4
Dodging        | |  1.7
Stealth        | |  1.7
Spellcasting   | |  3.3
Summonings     | |  1.7

Action                   |  1- 3 |  4- 6 || total
-------------------------+-------+-------++-------
Melee: Dagger            |    35 |       ||    35
Throw: Dart              |    23 |    19 ||    42
 Cast: Magic Dart        |    65 |    10 ||    75
       Blink             |       |     3 ||     3
Armor: Robe              |    17 |     1 ||    18
Dodge: Dodged            |    51 |     3 ||    54

Table legend: (Time is in decaauts)
 A = Elapsed time spent in this place.
 B = Non-inter-level travel time spent in this place.
 C = Inter-level travel time spent in this place.
 D = Time resting spent in this place.
 E = Time spent auto-exploring this place.
 F = Levels seen in this place.
 G = Mean time per level.
                   A        B        C        D        E       F      G
               +--------+--------+--------+--------+--------+-----+--------+
         Total |   1698 |   1683 |     15 |    520 |    822 |   2 |  849.0 |
       Dungeon |   1698 |   1683 |     15 |    520 |    822 |   2 |  849.0 |
               +--------+--------+--------+--------+--------+-----+--------+

Top non-repeatable levels by time:
     D:1: 1352 daAuts
     D:2: 346 daAuts
